 Dungeon Crawl Stone Soup version 0.26-b1-32-g5d43845318 (webtiles) character file.

Game seed: 5131255153692157467

63 raceaflais the Sneak (level 4, 0/29 HPs)
             Began as a Kobold Delver on Jan 5, 2021.
             Was an Initiate of Dithmenos.
             Succumbed to a scorpion's poison
             ... on level 4 of the Dungeon.
             The game lasted 00:02:30 (1170 turns).

raceaflais the Sneak (Kobold Delver)                Turns: 1170, Time: 00:02:31

Health: 0/29       AC:  3    Str: 10    XL:     4   Next: 31%
Magic:  4/4        EV: 15    Int: 11    God:    Dithmenos [......]
Gold:   44         SH:  0    Dex: 16    Spells: 3/3 levels left

rFire    . . .     SeeInvis .   a - +1 short sword
rCold    . . .     Faith    .   (shield restricted)
rNeg     . . .     Spirit   .   b - +1 leather armour
rPois    .         Reflect  .   (no helmet)
rElec    +         Harm     .   (no cloak)
rCorr    .         Rampage  .   f - +0 pair of gloves
Will     .....     Rnd*Tele +   (no boots)
Stlth    +++++.....             (no amulet)
HPRegen  0.09/turn              (no ring)
MPRegen  0.09/turn              (no ring)

@: lethally poisoned (0 -> -18)
A: small, deformed body, nightstalker 3, electricity resistance, teleportitis 1,
wild magic 1
a: Renounce Religion


You were on level 4 of the Dungeon.
You worshipped Dithmenos.
Dithmenos was noncommittal.
You visited 1 branch of the dungeon, and saw 2 of its levels.

You collected 44 gold pieces.

Inventory:

Hand Weapons
 a - a +1 short sword (weapon)
Missiles
 h - 19 sling bullets
 i - 14 bolts
 j - 33 arrows
 k - 54 stones (quivered)
Armour
 b - a +1 leather armour (worn)
 f - a +0 pair of gloves (worn)
Wands
 g - a wand of digging (3)
Scrolls
 c - a scroll of fog
 d - 2 scrolls of magic mapping
 e - a scroll of fear


   Skills:
 + Level 3.6 Fighting
 + Level 3.1 Short Blades
 + Level 0.6 Armour
 + Level 2.7 Dodging
 + Level 7.8 Stealth


You had 3 spell levels left.
You didn't know any spells.
Your spell library was empty.

Dungeon Overview and Level Annotations

Branches:
Dungeon (5/15)
 Temple: D:4-7

Altars:
Dithmenos


Innate Abilities, Weirdness & Mutations

You are small and have problems with some larger weapons.
You are completely attuned to the shadows.
Armour fits poorly on your strangely shaped body.
You are resistant to electric shocks. (rElec)
You are occasionally teleported next to monsters.
Your spells are a little harder to cast, but a little more powerful.


Message History

You are too injured to fight recklessly!
You are too injured to fight recklessly!
You are too injured to fight recklessly!
You hit the scorpion but do no damage.
The scorpion is moderately wounded.
You feel sick. The scorpion stings you!
* * * LOW HITPOINT WARNING * * *
You are more poisoned.
The scorpion poisons you!
You hit the scorpion.
The scorpion is heavily wounded.
* * * LOW HITPOINT WARNING * * *
You feel sick. The scorpion closely misses you.
You hit the scorpion but do no damage.
The scorpion is heavily wounded.
* * * LOW HITPOINT WARNING * * *
You feel sick. The scorpion completely misses you.
You completely miss the scorpion.
The scorpion is heavily wounded.
You die...

######.................
#....#######...........
#.....'....#...........
#.....#....#....<......
#.....#....#.........##
#....####'##.......####
########...#.......##..
#.....#.......#..♣
#@....+.......#...
^..s.....#.......#..♣
#+######'#.......##..
..............##.
......##'####..##
......#.....#....
......#.....#....
......#.....###'#
.....#.....#....


You could see a scorpion.

Vanquished Creatures
  A hound (D:4)
  A bullfrog skeleton (D:4)
  An adder skeleton (D:4)
  An orc (D:4)
  A ball python (D:4)
5 creatures vanquished.

Notes
Turn   | Place    | Note
-------+----------+-------------------------------------------
     0 | D:5      | raceaflais the Kobold Delver began the quest for the Orb.
     0 | D:5      | Reached XP level 1. HP: 14/14 MP: 1/1
   450 | D:4      | Found a shadowy altar of Dithmenos.
   455 | D:4      | Became a worshipper of Dithmenos the Shadowed
   502 | D:4      | Noticed a hound
   565 | D:4      | Killed a hound
   566 | D:4      | Reached skill level 7 in Stealth
   566 | D:4      | Reached XP level 2. HP: 9/19 MP: 2/2
   566 | D:4      | Reached XP level 3. HP: 11/23 MP: 3/3
   844 | D:4      | Reached XP level 4. HP: 28/29 MP: 4/4
  1154 | D:4      | Gained mutation: Armour fits poorly on your strangely
                  | shaped body. [potion of mutation]
  1154 | D:4      | Gained mutation: You are resistant to electric shocks.
                  | (rElec) [potion of mutation]
  1154 | D:4      | Gained mutation: You are occasionally teleported next to
                  | monsters. [potion of mutation]
  1154 | D:4      | Gained mutation: Your spells are a little harder to cast,
                  | but a little more powerful. [potion of mutation]
  1169 | D:4      | HP: 1/29 [poisoned by a scorpion]
  1170 | D:4      | Succumbed to a scorpion's poison

Illustrated notes

Levels and vault maps discovered:
D:4:      layout_gridville, nicolae_dithmenos_through_a_glass_darkly,
          kennysheep_small_circle
D:5:      layout_rooms, minmay_overflow_temple_hex, serial_shops, shop_statue,
          uniq_crazy_yiuf_cottage

Skill      XL: |  1  2  3 |
---------------+----------+-----
Stealth        | 7 |  7.8
Short Blades   | 3 |  3.1
Fighting       | |  3.6
Armour         | |  0.6
Dodging        | |  2.7

Action                   |  1- 3 |  4- 6 || total
-------------------------+-------+-------++-------
Melee: Short sword       |    18 |    10 ||    28
Throw: Stone             |     1 |       ||     1
  Use: Scroll            |     1 |     1 ||     2
       Potion            |     1 |     1 ||     2
 Stab: Sleeping          |     3 |       ||     3
Armor: Leather armour    |       |     1 ||     1
Dodge: Dodged            |    14 |     4 ||    18
